 Dungeon Crawl Stone Soup version 0.17-a0-1210-g1e4f09d (webtiles) character file.

121 Geomchi the Cudgeler (level 5, -1/32 HPs)
             Began as a Gargoyle Fighter on June 4, 2015.
             Slain by an orc priest
             ... wielding a +0 flail
              (8 damage)
             ... on level 3 of the Dungeon.
             The game lasted 00:02:46 (2557 turns).

Geomchi the Cudgeler (Gargoyle Fighter)             Turns: 2557, Time: 00:02:46

Health: -1/32      AC: 10    Str: 19    XL:     5   Next: 5%
Magic:  5/5        EV:  7    Int:  9    God:
Gold:   119        SH:  9    Dex: 10    Spells: 0 memorised, 4 levels left

rFire  . . .     SeeInvis .     f - +0 whip
rCold  . . .     Clarity  .     b - +0 scale mail
rNeg   + . .     SustAt   .     c - +0 shield
rPois  ∞         Gourm    .     (no helmet)
rElec  +         Spirit   .     (no cloak)
rCorr  +         Warding  .     (no gloves)
rMut   .         Stasis   .     (no boots)
MR     .....                    p - amulet of resist corrosion
Stlth  ..........               (no ring)
                                (no ring)

@: not resistant to hostile enchantments, extremely unstealthy
A: negative energy resistance 1, electricity resistance, unbreathing,
petrification resistance, rot immunity, AC +4
a: no special abilities


You were on level 3 of the Dungeon.
You were hungry.

You visited 1 branch of the dungeon, and saw 3 of its levels.

You collected 119 gold pieces.

Inventory:

Hand weapons
 a - a +0 flail
 f - a +0 whip (weapon)
Armour
 b - a +0 scale mail (worn)
 c - a +0 shield (worn)
Jewellery
 g - an uncursed amulet of the gourmand
 p - an amulet of resist corrosion (around neck)
Magical devices
 t - a wand of random effects (33)
Scrolls
 i - a scroll of teleportation {unknown}
 k - 5 scrolls of identify {unknown}
 n - 2 scrolls of fog {unknown}
 o - a scroll of amnesia {unknown}
 v - a scroll of remove curse {unknown}
Potions
 d - a potion of might
 j - a potion of agility {unknown}
 l - a potion of ambrosia {unknown}
 m - a potion of flight {unknown}
 r - a potion of haste {unknown}
 s - 2 potions of brilliance {unknown}
 u - a potion of curing {unknown}
 w - a potion of heal wounds {unknown}
Comestibles
 e - 4 bread rations {@e1}
 h - a slice of pizza
 q - 2 meat rations {@e2}


   Skills:
 - Level 3.2 Fighting
 + Level 5.0 Maces & Flails
 - Level 3.2 Armour
 - Level 3.2 Shields


You had 4 spell levels left.
You didn't know any spells.

Dungeon Overview and Level Annotations

Branches:
Dungeon (3/15)

Altars:
Sif Muna


Innate Abilities, Weirdness & Mutations

You are resistant to torment.
Your stone body is resilient (AC +4).
You are immune to poison.
You resist negative energy.
You are resistant to electric shocks.
You can survive without breathing.
You are immune to petrification.
You are immune to rotting.


Message History

You are too injured to fight recklessly!
You hit the orc but do no damage. The orc hits you but does no damage.
You hit the orc but do no damage. You block the orc's attack.
You hit the orc but do no damage. The orc hits you but does no damage.
You closely miss the orc. You closely miss the orc.
The orc hits you with a club.
* * * LOW HITPOINT WARNING * * *
You take 2 damage, and have 7/32 hp.
You hit the orc but do no damage. The orc hits you but does no damage.
You hit the orc but do no damage. The orc hits you but does no damage.
You hit the orc but do no damage.
The orc priest becomes somewhat translucent.
You block the orc's attack.
You hit the orc but do no damage. The orc hits you but does no damage.
You barely miss the orc. The orc hits you but does no damage.
You hit the orc but do no damage. You hit the orc.
You kill the orc!
You closely miss the orc priest. The orc priest hits you with a flail!
You die...

.. .# .## >.# ##..
#.. .# #o# .# ##@#
..##..# ).#.## #.#.#
# #.#.# .#. ##. #...#
....
.#.###...###.###....#
...#.. #............#
......#####(..##....


You could see an orc priest.

Vanquished Creatures
  Ijyb (D:2)
  Jessica (D:2)
  3 adders (D:2)
  A worm (D:2)
  3 orcs (D:3)
  A ball python (D:3)
  5 bats
  2 hobgoblins
  2 giant newts (D:1)
  8 goblins
  3 kobolds (D:1)
  A quokka (D:2)
  8 rats
39 creatures vanquished.

Notes
Turn   | Place    | Note
--------------------------------------------------------------
     0 | D:1      | Geomchi the Gargoyle Fighter began the quest for the Orb.
     0 | D:1      | Reached XP level 1. HP: 14/14 MP: 1/1
   155 | D:1      | Reached XP level 2. HP: 19/19 MP: 2/2
  1071 | D:2      | Reached XP level 3. HP: 20/23 MP: 3/3
  1594 | D:2      | Noticed Jessica
  1615 | D:2      | Killed Jessica
  1615 | D:2      | Reached skill level 4 in Maces & Flails
  1615 | D:2      | Reached XP level 4. HP: 10/28 MP: 4/4
  1840 | D:2      | Found a deep blue altar of Sif Muna.
  2216 | D:2      | Noticed Ijyb
  2256 | D:2      | Killed Ijyb
  2506 | D:3      | Reached skill level 5 in Maces & Flails
  2511 | D:3      | Reached XP level 5. HP: 30/32 MP: 5/5
  2557 | D:3      | Slain by an orc priest

Vault maps used:
D:1:      onia_arrival_pentagram, serial_forest, infiniplex_forest_corner_2,
          infiniplex_forest_straight_1, infiniplex_forest_clump_double,
          infiniplex_forest_zigzag_1, infiniplex_forest_clump_long,
          infiniplex_forest_end_2, infiniplex_forest_straight_2,
          infiniplex_forest_split, minmay_misc_feat_rows, hangedman_decor_push
D:2:      lemuel_crystal_altar, uniq_jessica, uniq_iyjb
D:3:      lemuel_doored_altar

Action                   |  1- 3 |  4- 6 || total
-------------------------+-------+-------++-------
Melee: Whip              |   173 |   140 ||   313
       Flail             |    11 |       ||    11
 Stab: Distracted        |     1 |       ||     1
  Eat: Chunk             |     2 |     3 ||     5
